 Dungeon Crawl Stone Soup version 0.32-a0-656-g3542139ebd (webtiles) character file.

Game seed: 8997312554768294282

879 javelincjr the Ruffian (level 7, -1/60 HPs)
             Began as a Minotaur Shapeshifter on Mar 8, 2024.
             Slain by a sleepcap (7 damage)
             ... on level 5 of the Dungeon.
             The game lasted 00:13:49 (3264 turns).

javelincjr the Ruffian (Minotaur Shapeshifter)      Turns: 3264, Time: 00:13:49

Health: -1/60      AC:  2    Str: 25    XL:     7   Next: 75%
Magic:  0/6        EV: 13    Int:  7    God:
Gold:   292        SH:  0    Dex: 10    Spells: 6/6 levels left

rFire   . . .        k - +2 hand axe (venom)
rCold   x . .        i - orb {*Rage}
rNeg    . . .        a - +0 animal skin
rPois   +            (helmet currently unavailable)
rElec   +            (cloak currently unavailable)
rCorr   .            (gloves currently unavailable)
SInv    +            (boots currently unavailable)
Will    .....        s - amulet of guardian spirit
Stlth   +            r - ring of Vexkoh {*Slow rElec rPois rC- Str+5}
HPRegen 0.30/turn    t - ring of see invisible
MPRegen 0.10/turn

%: random rage (20%), slow self (1%), guardian spirit
@: beast-form, on berserk cooldown
A: beast (slay +2), horns 2, retaliatory headbutt
a: Begin Untransformation


You were on level 5 of the Dungeon.
You were a hulking beast.
You visited 1 branch of the dungeon, and saw 6 of its levels.

You collected 318 gold pieces.
You spent 26 gold pieces at shops.

Inventory:

Hand Weapons
 k - a +2 hand axe of venom (weapon)
 l - a +2 quarterstaff of chaos
 v - a +0 dagger of chaos
Missiles
 y - 4 javelins
 C - 3 boomerangs
Armour
 a - a +0 animal skin (worn)
 i - an orb of wrath (worn)
 j - a scarf of resistance
 m - a +0 cloak
 u - a +0 pair of boots
 A - a +2 pair of gloves
Jewellery
 e - an amulet of magic regeneration
 r - the ring of Vexkoh (left hand) {*Slow rElec rPois rC- Str+5}
   (You found it on level 2 of the Dungeon)

   [ring of poison resistance]

   Str+5:     It affects your strength (+5).
   rC-:       It makes you vulnerable to cold.
   rElec:     It insulates you from electricity.
   rPois:     It protects you from poison.
   *Slow:     It may slow you when you take damage.
 s - an amulet of guardian spirit (around neck)
 t - a ring of see invisible (right hand)
Talismans
 c - a beast talisman (active)
 d - a flux talisman
Wands
 p - a wand of roots (7) (quivered)
Scrolls
 f - a scroll of fear {unknown}
 h - 3 scrolls of enchant weapon
 o - 3 scrolls of vulnerability
 q - 2 scrolls of blinking {unknown}
 w - 3 scrolls of teleportation {unknown}
 D - a scroll of fog {unknown}
 E - a scroll of revelation {unknown}
Potions
 b - 4 potions of lignification
 g - a potion of mutation {unknown}
 n - a potion of heal wounds
 x - 2 potions of curing
 B - a potion of invisibility {unknown}


   Skills:
 + Level 4.6 Fighting
 + Level 4.7 Dodging
 + Level 5.4 Unarmed Combat
 * Level 4.9 Shapeshifting


You had 6 spell levels left.
You didn't know any spells.
Your spell library contained the following spells:

 Spells                   Type           Power      Damage    Failure   Level
 Apportation              Tloc           0%         N/A       43%         1
 Magic Dart               Conj           0%         1d3       43%         1
 Jinxbite                 Hex            0%         N/A       56%         2
 Mercury Vapours          Alch/Air       0%         N/A       56%         2
 Searing Ray              Conj           0%         2d4       56%         2
 Mephitic Cloud           Conj/Alch/Air  0%         N/A       80%         3
 Animate Dead             Necr           0%         N/A       99%         4
 Fulminant Prism          Conj/Alch      0%         3d5       99%         4
 Alistair's Intoxication  Alch           0%         N/A       100%        5
 Freezing Cloud           Conj/Ice/Air   0%         6-21      100%        5
 Haunt                    Necr/Summ      0%         N/A       100%        7
 Borgnjor's Revivificati  Necr           0%         N/A       100%        8
 Infestation              Necr           0%         N/A       100%        8
 Death's Door             Necr           0%         N/A       100%        9


Dungeon Overview and Level Annotations

Branches:
Dungeon (6/15)
 Temple: D:4-7

Altars:
Makhleb
Xom

Shops:
D:4 *   D:5 [(


Innate Abilities, Weirdness & Mutations

You are a hulking beast.
Your limbs bulge with bestial killing power. (Slay +2)
You have a pair of horns on your head.
You reflexively headbutt those who attack you in melee.


Message History

You hit the iguana.
The iguana looks as sick as possible!
The iguana is severely wounded.
The iguana bites you!
* * * LOW HITPOINT WARNING * * *
You slash the iguana!
You kill the iguana!
Grinder gestures at you. Pain shoots through your body!
* * * LOW HITPOINT WARNING * * *
You feel much better.
You slash Grinder!
Grinder is heavily wounded.
You hit the sleepcap. Grinder gestures at you. Pain shoots through your body!
* * * LOW HITPOINT WARNING * * *
The sleepcap releases spores at you.
* * * LOW HITPOINT WARNING * * *
You hit Grinder.
Grinder is heavily wounded.
You hit the sleepcap but do no damage. Grinder barely misses you.
You furiously retaliate!
You headbutt Grinder! The sleepcap releases spores at you.
* * * LOW HITPOINT WARNING * * *
You are engulfed in a cloud of soporific spores!
You fall asleep.
The sleepcap releases spores at you!
You wake up.
* * * LOW HITPOINT WARNING * * *
You are engulfed in a cloud of soporific spores!
You are unaffected.
Grinder gestures at you. You resist with significant effort.
You barely miss Grinder. You headbutt Grinder.
You kill Grinder!
You completely miss the sleepcap. The sleepcap closely misses you.
The sleepcap barely misses you.
You hit the sleepcap.
The sleepcap is moderately damaged.
The sleepcap releases spores at you!
You die...

#.....##... ##.....>.#.
##.#.....#. #..........
##.....###.. #...#...# ..
###############..##...# ..
#...............###..#....
#.....†()hf...............
#...#######.........######
#..##.....###.....###.....
#..#..≈≈≈...##...##...≈≈≈.
#5.#.§≈≈≈§...........≈≈≈≈≈
#..#..≈≈§...##...##...≈≈≈.
##.##.....###.....###.....
#..#######.........######
#(...................


You could see a sleepcap.

Vanquished Creatures
  Grinder (D:5)
  A black bear (D:4)
  A bullfrog (D:4)
  2 crimson imps
  3 hounds
  An orc priest (D:6)
  A bombardier beetle (D:4)
  Crazy Yiuf (D:2)
  An iguana (D:5)
  An orc wizard (D:6)
  10 adders
  A white imp (D:5)
  2 dart slugs
  3 ribbon worms
  12 orcs
  9 bats
  7 endoplasms
  5 giant cockroaches
  9 goblins
  10 hobgoblins
  4 jackals (D:1)
  8 kobolds
  5 quokkas
  5 ball pythons
  A frilled lizard (D:3)
  8 rats
112 creatures vanquished.

Notes
Turn   | Place    | Note
-------+----------+-------------------------------------------
     0 | D:1      | javelincjr the Minotaur Shapeshifter began the quest for
                  | the Orb.
     0 | D:1      | Reached XP level 1. HP: 16/16 MP: 0/0
    69 | D:1      | Reached XP level 2. HP: 23/23 MP: 1/1
   506 | D:1      | Reached XP level 3. HP: 14/29 MP: 2/2
   923 | D:2      | Found a runed translucent door.
   924 | D:2      | Noticed Crazy Yiuf
   948 | D:2      | Killed Crazy Yiuf
   949 | D:2      | Reached XP level 4. HP: 18/36 MP: 3/3
  1326 | D:2      | Identified the ring of Vexkoh {*Slow rElec rPois rC- Str+5}
  1598 | D:2      | Reached skill level 4 in Unarmed Combat
  1763 | D:3      | Reached XP level 5. HP: 20/42 MP: 2/4
  1895 | D:3      | Found a burning altar of Makhleb.
  1896 | D:3      | Found a shimmering altar of Xom.
  2465 | D:4      | Reached XP level 6. HP: 51/51 MP: 5/5
  2628 | D:4      | Found Vuuvogiw's General Store.
  2636 | D:4      | Bought a scroll of identify for 26 gold pieces
  2908 | D:4      | You fall into a shaft and drop 2 floors!
  2945 | D:6      | Reached XP level 7. HP: 58/58 MP: 6/6
  2953 | D:5      | Entered Level 5 of the Dungeon
  2953 | D:5      | Found Ashem's Weapon Boutique.
  2953 | D:5      | Found Defo's Armour Shop.
  2985 | D:6      | Reached skill level 5 in Unarmed Combat
  3238 | D:5      | Noticed Grinder
  3244 | D:5      | Paralysed by Grinder for 3 turns
  3263 | D:5      | Killed Grinder
  3264 | D:5      | Slain by a sleepcap

Illustrated notes

Levels and vault maps discovered:
D:1:      tarquinn_simple_flora_water_d, layout_basic, minmay_distorted
D:2:      minmay_chambers_of_ones, layout_loops_ring, uniq_crazy_yiuf_cottage
D:3:      layout_rooms, grunt_temple_overflow_champion_of_chaos,
          minmay_quadrilaterals
D:4:      minmay_diamond_boxcup, layout_rooms, serial_shops, shop
D:5:      minmay_chambers_of_threes, layout_cave_pools,
          mainiacjoe_overflow_concentric_impassable, moated_statue,
          kennysheep_small_spiral, serial_library_hellmonk_open_cross,
          nicolae_shop_national_dungeon_mall, minmay_fire_ice_demons,
          uniq_grinder
D:6:      layout_loops_ring, uniq_menkaure

Skill      XL: |  1  2  3  4  5  6  7 |
---------------+----------------------+-----
Fighting       | 2 3 4 |  4.6
Shapeshifting  | 3 4 |  4.9
Dodging        | 3 4 |  4.7
Unarmed Combat | 4 5 |  5.4

Action                     |  1- 3 |  4- 6 |  7- 9 || total
---------------------------+-------+-------+-------++-------
  Melee: Unarmed           |    59 |       |       ||    59
         Headbutt          |    13 |    15 |     5 ||    33
         Hand axe          |    12 |    87 |    28 ||   127
  Throw: Dart              |       |       |     3 ||     3
    Use: Scroll            |       |     4 |       ||     4
         Potion            |       |       |     1 ||     1
   Stab: Distracted        |       |     1 |       ||     1
 Armour: Animal skin       |    39 |    49 |    26 ||   114
  Dodge: Dodged            |    33 |    68 |    26 ||   127

Table legend: (Time is in decaauts)
 A = Elapsed time spent in this place.
 B = Non-inter-level travel time spent in this place.
 C = Inter-level travel time spent in this place.
 D = Time resting spent in this place.
 E = Time spent auto-exploring this place.
 F = Levels seen in this place.
 G = Mean time per level.
                   A        B        C        D        E       F      G
               +--------+--------+--------+--------+--------+-----+--------+
         Total |   3466 |   3357 |    109 |     95 |   2275 |   6 |  577.7 |
       Dungeon |   3466 |   3357 |    109 |     95 |   2275 |   6 |  577.7 |
               +--------+--------+--------+--------+--------+-----+--------+

Top non-repeatable levels by time:
     D:2: 994 daAuts
     D:1: 856 daAuts
     D:3: 683 daAuts
     D:4: 524 daAuts
     D:6: 203 daAuts
     D:5: 203 daAuts
